 Dungeon Crawl Stone Soup version 0.29.1-15-g9cfb28693d (webtiles) character file.

Game seed: 1173483311562913738

7 CaptainSheepy the Scratcher (level 1, -3/9 HPs)
             Began as a Felid Transmuter on Apr 18, 2023.
             Slain by a gnoll
             ... wielding a +0 flail
              (8 damage)
             ... on level 1 of the Dungeon.
             The game lasted 00:02:03 (371 turns).

CaptainSheepy the Scratcher (Felid Transmuter)       Turns: 371, Time: 00:02:03

Health: -3/9       AC:  1    Str:  6    XL:     1   Next: 83%
Magic:  3/4        EV: 17    Int: 14    God:
Gold:   0          SH:  0    Dex: 16    Spells: 3/4 levels left
                                        Lives:  0   Deaths: 0

rFire   . . .      SeeInvis +     - Unarmed
rCold   . . .      Faith    .   (shield unavailable)
rNeg    . . .      Spirit   .   (body armour unavailable)
rPois   .          Reflect  .   (helmet unavailable)
rElec   .          Harm     .   (cloak unavailable)
rCorr   .          Rampage  .   (gloves unavailable)
Will    .....                   (boots unavailable)
Stlth   ++........              (no amulet)
HPRegen 0.03/turn               (no ring)
MPRegen 0.09/turn               (no ring)

@: appendages (expiring), quick
A: horns 2, very small, claws 1, fangs 3, see invisible, speed 1, shaggy fur 1,
stealthy paws, no weapons or thrown items, no armour, multi-lived
a: End Transformation


You were on level 1 of the Dungeon.
You had temporarily grown beastly horns.
You visited 1 branch of the dungeon, and saw 1 of its levels.

Inventory:

Potions
 a - a potion of lignification


   Skills:
 + Level 1.0 Fighting
 + Level 2.9 Dodging
 + Level 0.8 Stealth
 + Level 3.2 Unarmed Combat
 + Level 2.0 Spellcasting
 + Level 2.2 Transmutations


You had 3 spell levels left.
You knew the following spells:

 Your Spells              Type           Power      Damage    Failure   Level
a - Beastly Appendage     Tmut           14%        N/A       10%         1

Your spell library contained the following spells:

 Spells                   Type           Power      Damage    Failure   Level
 Wereblood                Tmut           7%         N/A       14%         2
 Spider Form              Tmut/Pois      4%         N/A       41%         3
 Ice Form                 Ice/Tmut       4%         N/A       83%         4


Dungeon Overview and Level Annotations

Branches:
Dungeon (1/15)

Altars:


Innate Abilities, Weirdness & Mutations

You have temporarily grown beastly horns.
You have sharp claws.
You have razor-sharp teeth.
You have supernaturally acute eyesight. (SInv)
You cover ground quickly. (Speed+)
You are covered in fur. (AC +1)
Your paws help you pounce on unaware monsters.
You are incapable of wielding weapons or throwing items.
You cannot wear armour.
You gain extra lives every three experience levels.


Message History

You barely miss the kobold. You headbutt the kobold.
You kill the kobold!
You closely miss the kobold. The kobold closely misses you.
You completely miss the kobold. Your headbutt misses the kobold.
The kobold misses you.
You scratch the kobold.
You kill the kobold!
Items here: ( )) †.
Your transformation is almost over.
Found a robe.
Your horns disappear.
You see here a +0 robe.
A gnoll comes into view. It is wielding a +0 flail.
Found a stone staircase leading down.
A bat comes into view.
The bat attacks as you move away! The bat misses you.
The bat closely misses you.
Casting: Beastly Appendage (safe; 10% risk of failure)
Confirm with . or Enter, or press ? or * to list all spells.
You grow a pair of large bovine horns.
Your transformation is almost over.
The bat completely misses you.
You closely miss the bat. Your headbutt misses the bat.
The bat hits you but does no damage.
You closely miss the bat. Your claw misses the bat. You bite the bat.
The bat is severely wounded.
The bat hits you. The bat barely misses you.
The gnoll hits you with a +0 flail.
You scratch the gnoll. You bite the gnoll.
The gnoll is severely wounded.
The bat closely misses you. The gnoll closely misses you.
You closely miss the gnoll.
The gnoll is severely wounded.
The bat misses you. The gnoll barely misses you.
You closely miss the gnoll.
You headbutt the gnoll, but do no damage.
The gnoll is severely wounded.
The bat misses you. The gnoll hits you with a +0 flail!
Ouch! That really hurt!
You die...

........##.......#
........).........#
.......#######..#..#
#..........# #####.#
######....## .##
#....####### ..#
#..........# .#
#....#####b###.##
#....# #.@g...#
###### #####.....>.
#.#...# .....# .g. #
#..# ..# .#


You could see a gnoll and a bat.

Vanquished Creatures
  2 endoplasms (D:1)
  A giant cockroach (D:1)
  A hobgoblin (D:1)
  2 kobolds (D:1)
6 creatures vanquished.

Notes
Turn   | Place    | Note
-------+----------+-------------------------------------------
     0 | D:1      | CaptainSheepy the Felid Transmuter began the quest for the
                  | Orb.
     0 | D:1      | Reached XP level 1. HP: 9/9 MP: 4/4
   371 | D:1      | Slain by a gnoll

Illustrated notes

Levels and vault maps discovered:
D:1:      amcnicky_arrival_double_pillar, layout_rooms, feat_on_display

Action                   || total
-------------------------++-------
Melee: Unarmed           ||    22
       Bite              ||     4
       Headbutt          ||     2
 Cast: Beastly Appendage ||     5
Armor: Skin              ||     1
Dodge: Dodged            ||    18
